 Dungeon Crawl Stone Soup version 0.27-a0-988-g25969acef8 (webtiles) character file.

Game seed: 16167987062299443068

91 vurker the Magician (level 4, -6/33 HPs)
             Began as a Djinni Fire Elementalist on Apr 15, 2021.
             Killed by divine providence
             ... invoked by an orc priest
              (14 damage)
             ... on level 3 of the Dungeon.
             The game lasted 00:02:49 (3064 turns).

vurker the Magician (Djinni Fire Elementalist)      Turns: 3064, Time: 00:02:50

Health: -6/33      AC:  3    Str:  7    XL:     4   Next: 57%
Gold:   101        EV: 12    Int: 18    God:
                   SH:  0    Dex: 13

rFire    + + .     SeeInvis .   b - +0 dagger
rCold    x . .     Faith    .   (no shield)
rNeg     . . .     Spirit   .   a - +0 robe
rPois    ∞         Reflect  .   c - +0 helmet
rElec    .         Harm     .   (no cloak)
rCorr    .         Rampage  .   (no gloves)
Will     .....                  (boots unavailable)
Stlth    ++........             (no amulet)
HPRegen  0.11/turn              (no ring)
MPRegen  0.00/turn              (no ring)

@: flying, very slightly contaminated
A: fire resistance 2, cold vulnerability 1, float, innate caster, hp casting,
extra vitality 1
a: no special abilities


You were on level 3 of the Dungeon.
You visited 1 branch of the dungeon, and saw 3 of its levels.

You collected 101 gold pieces.

Inventory:

Hand Weapons
 b - a +0 dagger (weapon)
   (You took it off a goblin on level 1 of the Dungeon)
Armour
 a - a +0 robe (worn)
 c - a +0 helmet (worn)
   (You found it on level 1 of the Dungeon)
Scrolls
 d - a scroll of silence {unknown}
 e - a scroll of brand weapon {unknown}
Potions
 f - a potion of flight {unknown}


   Skills:
 + Level 2.1 Fighting
 - Level 2.1 Dodging
 - Level 1.5 Stealth
 * Level 4.0 Spellcasting


You couldn't memorise any spells.
You knew the following spells:

 Your Spells              Type           Power      Damage    Failure   Level
a - Foxfire               Conj/Fire      72%        2x1d7     2%          1
b - Conjure Flame         Conj/Fire      18%        6-21      9%          3
c - Inner Flame           Hex/Fire       18%        N/A       9%          3
f - Sandblast             Erth           36%        2d10      2%          1
q - Sticky Flame          Conj/Fire      18%        2d4       28%         4
z - Fireball              Conj/Fire      9%         3d6       61%         5
Your spell library was empty.

Dungeon Overview and Level Annotations

Branches:
Dungeon (3/15)

Altars:

Shops:
D:1 =


Innate Abilities, Weirdness & Mutations

You are immune to poison.
Your flesh is very heat resistant. (rF++)
You are vulnerable to cold. (rC-)
You float through the air rather than walking.
You learn spells naturally, not from books.
Your magical power is your life essence.
You have superior vitality. (+4 HP)


Message History

You conjure some foxfire!
The foxfire hits the orc.
The foxfire hits the orc but does no damage.
An orc comes into view. It is wielding a +0 war axe.
The foxfire hits the orc but does no damage.
You conjure some foxfire!
The foxfire hits the orc but does no damage.
The foxfire hits the orc.
You kill the orc!
You conjure some foxfire!
The foxfire hits the orc.
The foxfire hits the orc!
You kill the orc!
Your Spellcasting skill increases to level 4!
An orc priest comes into view. It is wielding a +0 hand axe.
An orc priest is nearby!
An orc priest is nearby!
You conjure some foxfire!
You conjure some foxfire!
The foxfire hits the orc priest but does no damage.
You conjure some foxfire!
The foxfire hits the orc priest but does no damage. x2
You miscast Foxfire.
You are very lightly contaminated with residual magic.
Nothing appears to happen.
The foxfire hits the orc priest but does no damage. x2
You conjure some foxfire!
The orc priest closely misses you.
The orc priest barely misses your foxfire. x2
You conjure some foxfire!
The foxfire hits the orc priest. x2
The orc priest misses you.
The orc priest hits your foxfire with a +0 hand axe.
You conjure some foxfire!
The foxfire hits the orc priest but does no damage. x2
The orc priest hits you with a +0 hand axe.
You conjure some foxfire!
The foxfire hits the orc priest but does no damage. x2
The orc priest closely misses you.
The orc priest barely misses your foxfire.
The orc priest misses your foxfire.
You conjure some foxfire!
The foxfire hits the orc priest but does no damage. x2
The orc priest calls down the wrath of Beogh upon you.
Beogh smites you!
* * * LOW HITPOINT WARNING * * *
You miscast Foxfire.
Nothing appears to happen.
* * * LOW HITPOINT WARNING * * *
The foxfire hits the orc priest but does no damage.
The foxfire hits the orc priest.
The orc priest closely misses you.
You conjure some foxfire!
* * * LOW HITPOINT WARNING * * *
The orc priest calls down the wrath of Beogh upon you.
Beogh smites you!
You die...

.##....# .###...## ##
##...# ##..##### .
##.....## #.. ###.#..##
...#
.#######.....#####.....
..........<...§vv...##
############...@.....#
####o...#... ..##.)$..
#)## ###. .. #)# .. .##


You could see an orc priest (ally target).

Vanquished Creatures
  A gnoll (D:1)
  An adder (D:3)
  An ufetubus (D:2)
  3 worms (D:2)
  A dart slug (D:1)
  4 orcs (D:3)
  8 bats
  2 endoplasms (D:2)
  3 giant cockroaches
  6 goblins
  3 hobgoblins
  2 jackals (D:1)
  A quokka (D:2)
  2 ball pythons
  4 frilled lizards
  6 kobolds
  4 rats
52 creatures vanquished.

Vanquished Creatures (collateral kills)
  2 foxfires (D:1)
2 creatures vanquished.

Vanquished Creatures (others)
  262 foxfires
262 creatures vanquished.

Grand Total: 316 creatures vanquished

Notes
Turn   | Place    | Note
-------+----------+-------------------------------------------
     0 | D:1      | vurker the Djinni Fire Elementalist began the quest for the
                  | Orb.
     0 | D:1      | Reached XP level 1. HP: 15/15 MP: 0/0
   210 | D:1      | Reached XP level 2. HP: 18/22 MP: 0/0
   279 | D:1      | Reached skill level 3 in Spellcasting
   599 | D:1      | Reached skill level 1 in Fighting
  1068 | D:1      | Reached XP level 3. HP: 18/27 MP: 0/0
  1068 | D:1      | Learned a level 1 spell: Sandblast
  1238 | D:1      | Found Wacresa's Jewellery Emporium.
  1596 | D:1      | Found a faded altar of an unknown god.
  2249 | D:2      | Reached XP level 4. HP: 29/33 MP: 0/0
  3050 | D:3      | Reached skill level 4 in Spellcasting
  3064 | D:3      | Killed from afar by an orc priest

Illustrated notes

Levels and vault maps discovered:
D:1:      minmay_arrival_checkered_box, layout_basic,
          shapermc_ecumenical_altar_mp_urbaneastern, serial_shops, shop
D:2:      layout_rooms
D:3:      layout_rooms, okawaru_trees_2, uniq_terence, uniq_ijyb, uniq_sigmund

Skill      XL: |  1  2  3  4 |
---------------+-------------+-----
Spellcasting   | 3 4 |  4.0
Fighting       | 1 2 |  2.1
Dodging        | |  2.1
Stealth        | |  1.5

Action                   |  1- 3 |  4- 6 || total
-------------------------+-------+-------++-------
Melee: Unarmed           |     1 |       ||     1
       Dagger            |     4 |       ||     4
 Cast: Foxfire           |   105 |    49 ||   154
Armor: Robe              |       |     4 ||     4
Dodge: Dodged            |     8 |     9 ||    17

Table legend: (Time is in decaauts)
 A = Elapsed time spent in this place.
 B = Non-inter-level travel time spent in this place.
 C = Inter-level travel time spent in this place.
 D = Time resting spent in this place.
 E = Time spent auto-exploring this place.
 F = Levels seen in this place.
 G = Mean time per level.
                   A        B        C        D        E       F      G
               +--------+--------+--------+--------+--------+-----+--------+
         Total |   3063 |   3040 |     23 |      0 |   2758 |   3 | 1021.0 |
       Dungeon |   3063 |   3040 |     23 |      0 |   2758 |   3 | 1021.0 |
               +--------+--------+--------+--------+--------+-----+--------+

Top non-repeatable levels by time:
     D:1: 1748 daAuts
     D:2: 1068 daAuts
     D:3: 245 daAuts
